 Dungeon Crawl Stone Soup version 0.31-a0-1-g4198be8af4 (webtiles) character file.

Game seed: 633459957520969875

1422 cheesebisquit the Geomancer (level 8, -1/41 HPs)
             Began as a Gargoyle Earth Elementalist on May 2, 2023.
             Shot with an arrow by a centaur (4 damage)
             ... on level 7 of the Dungeon.
             The game lasted 00:14:31 (5010 turns).

cheesebisquit the Geomancer (GrEE)                  Turns: 5010, Time: 00:14:33

Health: -1/41      AC: 11    Str: 12    XL:     8   Next: 72%
Magic:  2/11       EV: 11    Int: 24    God:
Gold:   330        SH:  0    Dex: 10    Spells: 5/11 levels left

rFire   . . .        d - +0 flail
rCold   . . .        (no shield)
rNeg    + . .        a - +0 robe
rPois   ∞            k - +0 helmet
rElec   +            C - +1 cloak
rCorr   .            F - +0 pair of gloves
SInv    .            (no boots)
Will    .....        (no amulet)
Stlth   ++           G - ring of willpower
HPRegen 0.26/turn    j - +6 ring of intelligence
MPRegen 0.12/turn

%: no passive effects
@: about to teleport, weak-willed
A: sickness immunity, AC +5, negative energy resistance 1, electricity
resistance, torment resistance 1, petrification resistance
a: no special abilities


You were on level 7 of the Dungeon.
You visited 1 branch of the dungeon, and saw 7 of its levels.

You collected 357 gold pieces.
You spent 27 gold pieces at shops.

Inventory:

Hand Weapons
 d - a +0 flail (weapon)
Missiles
 q - 5 curare-tipped darts
 L - 2 datura-tipped darts
Armour
 a - a +0 robe (worn)
 k - a +0 helmet (worn)
 n - a scarf of shadows
 C - a +1 cloak (worn)
 E - a +0 kite shield
 F - a +0 pair of gloves (worn)
Jewellery
 c - an amulet of faith
 f - a ring of magical power
 g - a ring of magical power
 i - a +5 ring of evasion
 j - a +6 ring of intelligence (right hand)
 r - a ring of protection from fire
 G - a ring of willpower (left hand)
 H - a ring of positive energy
Wands
 l - a wand of light (8)
 y - a wand of iceblast (17)
 M - a wand of flame (7)
Scrolls
 m - 3 scrolls of identify
 o - 2 scrolls of poison {unknown}
 p - a scroll of blinking {unknown}
 s - 3 scrolls of magic mapping {unknown}
 w - 2 scrolls of summoning {unknown}
 x - 3 scrolls of enchant armour
 A - a scroll of enchant weapon {unknown}
 D - a scroll of vulnerability
 J - a scroll of immolation {unknown}
 K - a scroll of fear {unknown}
Potions
 b - a potion of berserk rage {unknown}
 e - 2 potions of haste
 t - a potion of curing {unknown}
 u - 4 potions of heal wounds
 v - 2 potions of ambrosia {unknown}
 z - a potion of brilliance {unknown}
 B - 2 potions of mutation {unknown}
 I - a potion of lignification {unknown}
 N - 2 potions of might {unknown}


   Skills:
 - Level 1.5 Dodging
 - Level 2.1 Stealth
 - Level 2.0 Spellcasting
 - Level 0.7 Transmutations
 + Level 12.9 Earth Magic


You had 5 spell levels left.
You knew the following spells:

 Your Spells              Type           Power      Damage    Failure   Level
a - Sandblast             Erth           100%       2d20      1%          1
c - Passwall              Tmut/Erth      29%        N/A       1%          2
e - Stone Arrow           Conj/Erth      66%        3d11      2%          3

Your spell library contained the following spells:

 Spells                   Type           Power      Damage    Failure   Level
 Petrify                  Tmut/Erth      35%        N/A       8%          4
 Summon Forest            Summ/Tloc      1%         N/A       97%         5
 Eringya's Noxious Bog    Tmut/Pois      2%         N/A       100%        6
 Summon Hydra             Summ           1%         N/A       100%        7


Dungeon Overview and Level Annotations

Branches:
Dungeon (7/15)             Temple (0/1) D:7

Altars:
Cheibriados
Elyvilon
Gozag
Nemelex Xobeh
Okawaru
Sif Muna
Uskayaw
Xom
Zin

Shops:
D:5 ?   D:6 *

Annotations:
D:4 1 runed translucent door, mandoloar's ghost, amateur OpTm
D:7 Pikel


Innate Abilities, Weirdness & Mutations

You are immune to sickness and miasma.
Your stone body is resilient. (AC +5)
You are immune to poison.
You resist negative energy. (rN+)
You are resistant to electric shocks. (rElec)
You are resistant to unholy torment.
You are immune to petrification.


Message History

As you read the scroll labelled JYRUCU GERAXE, it crumbles to dust.
Magic quickly surges around you.
It was a scroll of vulnerability.
The orc wizard barely misses you. Something hits you.
The orc warrior hits you with a +0 glaive!
* * * LOW HITPOINT WARNING * * *
As you read the scroll labelled HESUHA HYDGHIXT, it crumbles to dust.
You feel strangely unstable.
It was a scroll of teleportation.
The orc wizard barely misses you. The orc warrior closely misses you.
Something completely misses you.
The orc warrior hits you but does no damage.
The orc wizard attacks as you move away!
The orc wizard hits you but does no damage.
The orc wizard attacks as you move away!
The orc wizard barely misses you.
Your surroundings suddenly seem different. 3 lemures and a centaur come into view.
Found a polished ring mail and a scroll of teleportation.
Found a staircase to the Ecumenical Temple.
The lemure shouts!
The centaur shouts!
You hear a loud, deep croak!
You hear an angry hiss.
A bullfrog comes into view.
A lemure comes into view.
Pikel, Merchant of Souls comes into view.
He is wielding a +1 whip of flaming and wearing a +1 robe of cold resistance.
The centaur hits you.
* * * LOW HITPOINT WARNING * * *
The centaur kicks you but does no damage.
As you read the scroll of teleportation, it crumbles to dust.
You feel strangely unstable.
Pikel shouts!
The lemure shouts!
The centaur closely misses you. The centaur kicks you.
* * * LOW HITPOINT WARNING * * *
A water moccasin comes into view.
The centaur attacks as you move away! The centaur hits you.
* * * LOW HITPOINT WARNING * * *
The centaur barely misses you.
The water moccasin hisses angrily.
The centaur wields a +0 shortbow.
The centaur shoots an arrow.
The arrow hits you but does no damage.
Pikel says, "I'm sure the Orcish Mines are around here somewhere..."
The centaur shoots an arrow.
The arrow hits you.
You die...

....... ....
....... . ......
.⌠....##..... .
##....
.....S.....?#.#
....#
.>.F........#.#
..
..............##
.⌠K..5.........
..5.........#
##....c..@#
#....5....#
..#.5..#[##
#...#### #....
#.... ##.#. ###


You could see Pikel, a water moccasin, 4 lemures, a bullfrog and a centaur.

Vanquished Creatures
  Menkaure (D:5)
  Duvessa (D:7)
  An ice beast (D:6)
  4 ogres
  2 centaurs (D:7)
  A scorpion (D:7)
  Dowan (D:7)
  2 howler monkeys
  2 hounds
  An orc priest (D:5)
  An iguana (D:6)
  Jessica (D:3)
  A gnoll bouda (D:6)
  Ijyb (D:3)
  An orc wizard (D:4)
  Robin (D:3)
  6 gnolls (D:6)
  2 adders
  A white imp (D:6)
  3 worms
  4 dart slugs
  11 orcs
  6 bats
  8 endoplasms
  9 giant cockroaches
  16 goblins
  6 hobgoblins
  3 jackals (D:1)
  3 quokkas
  11 ball pythons
  3 frilled lizards
  4 kobolds
  8 rats
126 creatures vanquished.

Vanquished Creatures (others)
  7 plants
7 creatures vanquished.

Grand Total: 133 creatures vanquished

Notes
Turn   | Place    | Note
-------+----------+-------------------------------------------
     0 | D:1      | cheesebisquit the Gargoyle Earth Elementalist began the
                  | quest for the Orb.
     0 | D:1      | Reached XP level 1. HP: 10/10 MP: 3/3
    36 | D:1      | Reached skill level 4 in Earth Magic
    38 | D:1      | Reached XP level 2. HP: 8/15 MP: 1/5
   606 | D:1      | Reached skill level 5 in Earth Magic
   606 | D:1      | Reached XP level 3. HP: 19/19 MP: 6/6
  1369 | D:2      | Reached XP level 4. HP: 24/24 MP: 7/7
  1544 | D:2      | You fall into a shaft and drop 2 floors!
  1562 | D:4      | Found a white marble altar of Elyvilon.
  1627 | D:4      | Reached skill level 6 in Earth Magic
  1673 | D:3      | Reached XP level 5. HP: 25/28 MP: 8/8
  1833 | D:2      | Learned a level 3 spell: Stone Arrow
  1836 | D:2      | Learned a level 2 spell: Passwall
  1898 | D:3      | Noticed Ijyb
  1990 | D:3      | Killed Ijyb
  1991 | D:3      | Reached skill level 7 in Earth Magic
  2109 | D:3      | Found a shimmering altar of Xom.
  2228 | D:3      | Noticed Robin
  2230 | D:3      | Killed Robin
  2411 | D:3      | Found a snail-covered altar of Cheibriados.
  2416 | D:3      | Found a glowing silver altar of Zin.
  2435 | D:3      | Found a hide-covered altar of Uskayaw.
  2437 | D:3      | Found a sparkling altar of Nemelex Xobeh.
  2448 | D:3      | Found an iron altar of Okawaru.
  2537 | D:3      | Noticed Jessica
  2539 | D:3      | Killed Jessica
  2550 | D:3      | Found a shimmering blue altar of Sif Muna.
  2667 | D:4      | Found a runed translucent door.
  2667 | D:4      | Noticed mandoloar's ghost (amateur OpTm)
  2680 | D:4      | Reached XP level 6. HP: 32/32 MP: 9/9
  2699 | D:4      | Reached skill level 8 in Earth Magic
  3402 | D:5      | Entered Level 5 of the Dungeon
  3487 | D:5      | Reached skill level 9 in Earth Magic
  3546 | D:5      | Found an opulent altar of Gozag.
  3903 | D:5      | Reached XP level 7. HP: 36/36 MP: 10/10
  4127 | D:5      | Found Yculufa's Magic Scroll Boutique.
  4130 | D:5      | Noticed Menkaure
  4131 | D:5      | Killed Menkaure
  4132 | D:5      | Reached skill level 10 in Earth Magic
  4522 | D:6      | Reached skill level 11 in Earth Magic
  4557 | D:6      | Reached XP level 8. HP: 41/41 MP: 9/11
  4728 | D:6      | Found Osan's General Store.
  4756 | D:6      | Bought 2 datura-tipped darts for 27 gold pieces
  4922 | D:7      | Reached skill level 12 in Earth Magic
  4958 | D:7      | Noticed Duvessa
  4966 | D:7      | Noticed Dowan
  4968 | D:7      | Killed Duvessa
  4980 | D:7      | Killed Dowan
  5007 | D:7      | Found a staircase to the Ecumenical Temple.
  5007 | D:7      | Noticed Pikel
  5010 | D:7      | Shot with an arrow by a centaur

Illustrated notes

Levels and vault maps discovered:
D:1:      minmay_arrival_stone_box, layout_loops_ring
D:2:      cheibrodos_old_hovel, layout_basic, minmay_split_cup_large
D:3:      layout_rooms, lemuel_round_altar, tgw_sif,
          nicolae_overflow_hallway_of_the_gods, uniq_robin, uniq_ijyb
D:4:      layout_cave_pods, mainiacjoe_overflow_six_doors_small,
          gammafunk_ghost_grave, serial_bayou_lagoon_b
D:5:      layout_loops_ring, nicolae_gozag_seed_capital, serial_shops,
          nicolae_shop_stone, serial_bayou, serial_bayou_ford_a,
          serial_bayou_pond_e, serial_bayou_lagoon_a, serial_bayou_pond_c,
          uniq_menkaure
D:6:      layout_cave_pools, serial_shops, nicolae_shop_getting_attention
D:7:      layout_cave_pools, temple_fountains, uniq_duvessa, uniq_pikel

Skill      XL: |  1  2  3  4  5  6  7  8 |
---------------+-------------------------+-----
Earth Magic    | 4 5 6 7 9 11 12 | 12.9
Dodging        | |  1.5
Stealth        | |  2.1
Spellcasting   | |  2.0
Transmutations | |  0.7

Action                     |  1- 3 |  4- 6 |  7- 9 || total
---------------------------+-------+-------+-------++-------
  Melee: Unarmed           |     5 |       |       ||     5
         Flail             |       |       |     7 ||     7
   Cast: Sandblast         |    49 |    89 |    52 ||   190
    Use: Potion            |     1 |       |     3 ||     4
         Scroll            |       |       |     5 ||     5
 Armour: Robe              |    10 |     4 |    16 ||    30
  Dodge: Dodged            |    24 |    12 |    26 ||    62

Table legend: (Time is in decaauts)
 A = Elapsed time spent in this place.
 B = Non-inter-level travel time spent in this place.
 C = Inter-level travel time spent in this place.
 D = Time resting spent in this place.
 E = Time spent auto-exploring this place.
 F = Levels seen in this place.
 G = Mean time per level.
                   A        B        C        D        E       F      G
               +--------+--------+--------+--------+--------+-----+--------+
         Total |   5140 |   4838 |    302 |     86 |   3991 |   7 |  734.3 |
       Dungeon |   5140 |   4838 |    302 |     86 |   3991 |   7 |  734.3 |
               +--------+--------+--------+--------+--------+-----+--------+

Top non-repeatable levels by time:
     D:1: 1047 daAuts
     D:4: 1026 daAuts
     D:5: 844 daAuts
     D:3: 752 daAuts
     D:2: 718 daAuts
     D:6: 609 daAuts
     D:7: 141 daAuts
